 Dungeon Crawl Stone Soup version 0.28.0 (webtiles) character file.

Game seed: 2045092137234415448

51 BALLS the Slasher (level 3, -3/19 HPs)
             Began as a Vine Stalker Fighter on Feb 17, 2022.
             Slain by an orc priest (4 damage)
             ... on level 2 of the Dungeon.
             The game lasted 00:03:07 (2460 turns).

BALLS the Slasher (Vine Stalker Fighter)            Turns: 2460, Time: 00:03:07

Health: -3/19      AC:  7    Str: 20    XL:     3   Next: 81%
Magic:  0/4        EV:  9    Int:  8    God:
Gold:   93         SH:  4    Dex: 13    Spells: 2/2 levels left

rFire   . . .      SeeInvis .   a - +0 long sword
rCold   . . .      Faith    .   c - +0 buckler
rNeg    . . .      Spirit   +   b - +0 scale mail
rPois   .          Reflect  .   j - +1 hat
rElec   .          Harm     .   (no cloak)
rCorr   .          Rampage  .   (no gloves)
Will    .....                   (no boots)
Stlth   ..........              (no amulet)
HPRegen 0.06/turn               (no ring)
MPRegen 0.09/turn               (no ring)

@: no status effects
A: fangs 2, magic shield, antimagic bite, no potion heal 2
a: no special abilities


You were on level 2 of the Dungeon.
You visited 1 branch of the dungeon, and saw 3 of its levels.

You collected 93 gold pieces.

Inventory:

Hand Weapons
 a - a +0 long sword (weapon)
Armour
 b - a +0 scale mail (worn)
 c - a +0 buckler (worn)
 j - a +1 hat (worn)
Scrolls
 e - 2 scrolls of teleportation {unknown}
 h - a scroll of enchant weapon {unknown}
 m - a scroll of immolation {unknown}
Potions
 d - a potion of might
 f - a potion of invisibility {unknown}
 g - a potion of curing {unknown}
 i - a potion of ambrosia {unknown}
 k - a potion of brilliance {unknown}
 l - 2 potions of experience {unknown}


   Skills:
 - Level 2.6 Fighting
 + Level 3.6 Long Blades
 - Level 2.4 Armour
 - Level 2.6 Shields


You had 2 spell levels left.
You didn't know any spells.
Your spell library contained the following spells:

 Spells                   Type           Power      Damage    Failure   Level
 Animate Skeleton         Necr           0%         N/A       86%         1
 Apportation              Tloc           0%         N/A       86%         1
 Summon Small Mammal      Summ           0%         N/A       86%         1
 Call Canine Familiar     Summ           0%         N/A       99%         3
 Summon Guardian Golem    Hex/Summ       0%         N/A       99%         3


Dungeon Overview and Level Annotations

Branches:
Dungeon (3/15)

Altars:


Innate Abilities, Weirdness & Mutations

You have extremely sharp teeth.
When hurt, damage is shared between your health and your magic reserves.
Your bite disrupts and absorbs the magic of your enemies.
Potions cannot restore your health.


Message History

The orc shouts!
The orc priest shouts!
You hear a shout!
The orc throws a boomerang of dispersal.
The boomerang of dispersal hits you but does no damage.
The orc priest moves out of view.
You hear a shout!
An orc comes into view. It is wielding a +0 hand axe.
The orc priest casts a cantrip, but nothing happens.
You hit the orc.
The orc is lightly wounded.
The orc hits you with a +0 flail. The orc barely misses you.
You hit the orc. Your bite misses the orc.
The orc is almost dead.
You block the orc's attack. The orc closely misses you.
The orc hits you but does no damage.
The orc throws a boomerang of dispersal.
The boomerang of dispersal hits you but does no damage.
The orc closely misses you.
The orc priest miscasts a cantrip.
There is a stone staircase leading up here.
The orc priest calls down the wrath of Beogh upon you.
Pain shoots through your body! You block the orc's attack.
You climb upwards.
There is a stone staircase leading down here.
You slash the orc priest!
The orc priest is heavily wounded.
The orc priest hits you with a +0 dagger.
The orc hits you with a +0 flail.
The orc priest invokes the aid of Beogh against you.
Pain shoots through your body!
* * * LOW HITPOINT WARNING * * *
You closely miss the orc priest.
The orc priest is heavily wounded.
The orc hits you with a +0 flail.
* * * LOW HITPOINT WARNING * * *
The orc priest invokes the aid of Beogh against you.
You barely resist. The orc barely misses you.
You closely miss the orc priest.
The orc priest is heavily wounded.
The orc priest hits you with a +0 dagger.
You die...

....(..##.##......# #######
.......##.##......#
.......##.#######################
..##'####.# #............. #.##.#
#.# #.############ #.##.# #.# #.#
..##.# ##'##########.# ########
.###.# #....[...o..#.# #.......
.#...# #........@..#.# #.......
##)### #........o..#.# #.......
...# #...........#.#####.......
#### #(................#.......
##+#####.#####....#().....
#........#................
#........#...#############
#........##.##### #......
#........#......####......


You could see an orc priest and an orc.

Vanquished Creatures
  3 worms
  2 dart slugs (D:2)
  2 endoplasms
  2 giant cockroaches
  4 goblins
  7 hobgoblins
  A quokka (D:2)
  5 ball pythons
  3 bats
  4 frilled lizards
  2 kobolds
  3 rats (D:1)
38 creatures vanquished.

Notes
Turn   | Place    | Note
-------+----------+-------------------------------------------
     0 | D:1      | BALLS the Vine Stalker Fighter began the quest for the Orb.
     0 | D:1      | Reached XP level 1. HP: 11/11 MP: 2/2
    36 | D:1      | Reached skill level 2 in Long Blades
   158 | D:1      | Reached XP level 2. HP: 7/16 MP: 0/3
   984 | D:2      | Reached skill level 3 in Long Blades
  1033 | D:2      | Reached XP level 3. HP: 15/19 MP: 2/4
  2460 | D:2      | Slain by an orc priest

Illustrated notes

Levels and vault maps discovered:
D:1:      tarquinn_simple_flora_water_a, layout_loops_ring
D:2:      layout_basic
D:3:      cheibrodos_thug_alley, layout_rooms,
          shapermc_ecumenical_altar_pompeii, gammafunk_ghost_nasty_kobolds,
          grunt_ministairs_10, minmay_fountain_box, uniq_sigmund, uniq_jessica,
          uniq_terence

Skill      XL: |  1  2 |
---------------+-------+-----
Long Blades    | 2 3 |  3.6
Fighting       | |  2.6
Armour         | |  2.4
Shields        | |  2.6

Action                   || total
-------------------------++-------
Melee: Long sword        ||    85
       Bite              ||    12
Armor: Scale mail        ||    39
Dodge: Dodged            ||    38
Block: Buckler           ||    12
